← All builds
Tech / Armada / Economy first / OBSERVED BUILD

Standard tech

Armada Tech (Eco) build order · Supreme Isthmus

Rushes T2 by 4:15, gets Advanced Metal Extractor around 5:28, hands off T2 constructors to Geo and the team, then scales eco and supplies the team's T2 needs through the rest of the game.

Usually first T2 con to Geo (83%)

#eco #t2 #team support · 1591 distinct matches · 254 players · 60% of Armada Tech games · team won 53% of 1901 · Recently observed

HOW TO PLAY IT

Key timing: T2 factory by 4:15

  1. Open 3 mex and heavy wind to fund a fast T2 rush.
  2. Put down Bot Lab, planning to eat it for reclaim soon after.
  3. Get Advanced Bot Lab up, hitting the T2 factory rush timing.
  4. Upgrade mex to Advanced Metal Extractor to lock in team metal income.
  5. Eat Advanced Bot Lab and keep sending cons to Geo and Pond.

Phase by phase

TYPICAL OF ITS 1591 GAMES
  1. 1
  2. 2
  3. 3
  4. 4
PLAY THE OPENING

Follow the example game's first 6:00 step by step: what to build now, what comes next, and where it goes. At 1× it keeps pace with your own game.

  1. 1

    Up to the Bot Lab

    Economy
    • Metal Extractor3Mex
    • Wind Turbine4Wind
    Order
    1. Bot LabBot Lab after 3 mex, 4 winddone ~1:18, middle half 1:13–1:32

    Some games also: energy storage (31%)

    By 1:01 in all: 3 mex · 4 wind

    The example game in this phase · 5 steps
    1. Mex ×3
    2. Wind ×5
    3. Energy storage
    4. Wind ×4
    5. Bot LabBot Labdone 2:01 · typical 1:18
  2. 2

    Bot Lab to Advanced Bot Lab

    Economy
    • Metal Extractor1Mex
    • Wind Turbine8Wind
    • Energy Storage1Energy storage
    Order
    1. Advanced Bot LabAdvanced Bot Lab after 4 mex, 12 wind, 3 con turretdone ~4:16, middle half 4:04–4:30
    Builders
    • Construction Turret3 Con turret
    • Lazarus3 Lazarus
    • Construction Bot2 Con bot
    • Construction Bot1 Con bot for allies

    Some games also: converter (36%)

    By 3:18 in all: 4 mex · 12 wind · 1 energy storage · 3 con turret

    The example game in this phase · 10 steps
    1. Construction BotCon bot
    2. LazarusLazarus ×2
    3. Construction BotCon botfor Air
    4. Mex
    5. LazarusLazarus
    6. Construction BotCon bot
    7. Wind
    8. Con turret ×2
    9. Wind
    10. Advanced Bot LabAdvanced Bot Labdone 4:30 · typical 4:16
  3. 3

    Advanced Bot Lab to 5:00

    Economy
    • Wind Turbine3Wind
    Order
    1. Bot LabEat Bot Lab
    Builders
    • Advanced Construction Bot1 T2 con bot for allies

    Some games also: converter (35%)

    By 5:00 in all: 4 mex · 15 wind · 1 converter · 1 energy storage · 3 con turret

    The example game in this phase · 9 steps
    1. Bot LabEat Bot Labreclaimed for its metal
    2. Wind
    3. Converter
    4. Wind ×2
    5. Converter
    6. Advanced Construction BotT2 con botfor Geo
    7. Wind
    8. Advanced Construction BotT2 con botfor Air
    9. Converter
  4. 4

    5:00 to 10:00

    Economy
    • Wind Turbine43Wind
    • Energy Converter6Converter
    Builders
    • Butler9 Butler
    • Advanced Construction Bot4 T2 con bot for allies
    • Advanced Construction Bot1 T2 con bot

    Some games also: con turret (43%) · Butler for allies (37%)

    By 10:00 in all: 4 mex · 58 wind · 8 converter · 1 energy storage · 3 con turret

    The example game in this phase · 223 steps
    1. Advanced Metal ExtractorT2 mexdone 5:49 · typical 5:28
    2. Wind
    3. Advanced Metal ExtractorT2 mex ×2
    4. Wind
    5. Advanced Metal ExtractorT2 mex
    6. ButlerButler ×4
    7. Advanced Construction BotT2 con botfor Pond
    8. Wind ×2
    9. ButlerButler
    10. Wind
    11. ButlerButler
    12. Wind
    13. ButlerButler
    14. Wind ×2
    15. ButlerButler
    16. Wind ×2
    17. Converter
    18. Advanced Construction BotT2 con botfor Geo sea
    19. Wind ×4
    20. Converter
    21. Advanced Construction BotT2 con botfor Beach sea
    22. Wind ×3
    23. Converter
    24. Wind ×2
    25. ButlerButler
    26. Converter
    27. Wind ×2
    28. Con turret
    29. Wind ×2
    30. Converter
    31. ButlerButler
    32. Wind ×3
    33. Converter
    34. ButlerButler
    35. Wind ×3
    36. Con turret
    37. Wind
    38. Converter
    39. Wind ×2
    40. ButlerButler
    41. Wind
    42. Converter
    43. Wind
    44. Converter
    45. Wind ×2
    46. ButlerButler
    47. Wind
    48. Converter
    49. Wind ×2
    50. Converter
    51. ButlerButler
    52. Wind ×3
    53. Converter ×2
    54. Wind ×2
    55. Advanced Construction BotT2 con bot
    56. Wind ×2
    57. Con turret
    58. Wind ×4
    59. Converter ×2
    60. Wind ×3
    61. Con turret
    62. Wind ×2
    63. Converter ×2
    64. Wind ×4
    65. Converter
    66. Wind ×2
    67. Converter
    68. Wind
    69. Fusion ReactorFusiondone 11:45
    70. Wind ×4
    71. Metal storage
    72. Converter ×2
    73. Wind ×5
    74. Converter
    75. Wind ×2
    76. Converter
    77. Wind ×5
    78. Converter
    79. T2 converter
    80. Wind
    81. Converter
    82. Wind ×3
    83. CitadelAnti-nukedone 13:02
    84. Wind ×2
    85. Converter ×2
    86. Wind ×8
    87. Converter ×2
    88. Wind ×4
    89. Advanced Bot LabEat Advanced Bot Labreclaimed for its metal
    90. Converter
    91. Wind
    92. Converter
    93. Wind ×7
    94. Converter
    95. Wind ×2
    96. Converter
    97. Wind ×6
    98. Converter
    99. Wind ×2
    100. Converter
    101. Wind ×8
    102. Converter
    103. Wind ×2
    104. Converter
    105. Wind ×5
    106. Converter
    107. Wind ×2
    108. Converter
    109. Wind ×8
    110. Converter
    111. Wind ×2
    112. Converter
    113. Wind ×6
    114. Converter
    115. Wind ×2
    116. Converter
    117. Wind ×8
    118. Converter
    119. Wind ×2
    120. Converter
    121. Wind ×6
    122. Converter
    123. Wind
    124. Converter
    125. Wind ×8
    126. Converter ×2
    127. Wind ×8
    128. Converter ×2
    129. Wind ×6
    130. T2 converter
    131. Wind
    132. Con turret
    133. Wind
    134. Converter ×2
    135. Wind ×4
    136. Con turret
    137. Wind ×5
    138. Converter ×2
    139. Wind ×8
    140. Converter
    141. Wind ×2
    142. Converter
    143. Wind ×5
    144. TracerTracer
    145. Wind
    146. Converter
    147. Con turret
    148. Converter
    149. Wind ×4
    150. Con turret
    151. Wind ×3
    152. Con turret
    153. Wind ×2
    154. Converter ×2
    155. Con turret
    156. Wind
    157. Con turret
    158. Wind ×4
    159. Con turret
    160. Wind ×2
    161. Converter
    162. Wind ×3
    163. Vehicle PlantVehicle Plantdone 13:59
    164. Converter
    165. Vehicle PlantVehicle Plantdone 14:07
    166. Wind
    167. BlitzBlitz
    168. Wind ×3
    169. Converter ×2
    170. Wind ×2
    171. BlitzBlitz ×2
    172. Wind
    173. BlitzBlitz ×2
    174. Wind
    175. BlitzBlitz
    176. Converter
    177. Wind ×2
    178. BlitzBlitz
    179. Converter
    180. BlitzBlitz
    181. T2 converter
    182. BlitzBlitz
    183. Wind ×3
    184. BlitzBlitz ×3
    185. Converter
    186. Wind
    187. BlitzBlitz
    188. Wind ×2
    189. Converter
    190. BlitzBlitz ×2
    191. Wind
    192. BlitzBlitz
    193. Wind
    194. BlitzBlitz
    195. Wind
    196. Converter
    197. Wind
    198. BlitzBlitz ×2
    199. Converter
    200. BlitzBlitz
    201. Wind ×2
    202. BlitzBlitz ×2
    203. Wind
    204. BlitzBlitz
    205. Converter
    206. BlitzBlitz
    207. Wind
    208. Fusion ReactorFusion
    209. Wind
    210. BlitzBlitz
    211. Wind
    212. Converter
    213. Wind
    214. BlitzBlitz
    215. Wind ×2
    216. BlitzBlitz
    217. Converter
    218. Vehicle PlantEat Vehicle Plantreclaimed for its metal
    219. Wind ×2
    220. Converter
    221. Wind
    222. Vehicle PlantEat Vehicle Plantreclaimed for its metal
    223. Wind ×2

Counts are medians over the build's games: half of them build more, half fewer. The example game is Jockeljkl's (32 OS, 13/09/2026); pick another.

Team trades

IN AT LEAST 30% OF ITS GAMES

You hand over

  • Construction Bot1 Con bot to Airfirst at 2:23 · in 84% of games
  • Advanced Construction Bot5 T2 con bot to Air or Pond or Geo seafirst at 4:50 · in 99% of games
  • Butler2 Butler to Geo sea or Beach sea or Pondfirst at 9:06 · in 42% of games

You get

  • Hercules1 Light transport from Airfirst at 4:01 · in 86% of games

How it plays out

Typical game of this build, running totals by minute

Metal produced

020k40k
0:005:0010:0015:00

metal

Enemy metal destroyed

050100150
0:005:0010:0015:00

metal

Own metal lost

050100150
0:005:0010:0015:00

metal

1901 games.

Show as table
ByMetal produced: This buildEnemy metal destroyed: This buildOwn metal lost: This build
1:0038300
2:0091500
3:00165200
4:00314400
5:00484800
6:00580200
7:00723000
8:00906500
9:001117900
10:001352400
11:001624200
12:001965200
13:002342800
14:0027285074
15:0031507115130
WHAT THE NUMBERS SAY

Standard Tech play barely fights at all early, instead pouring metal into T2 infrastructure and constructors for the team.

  • + Metal produced hits 31679 by 15:00, by far the highest of any role here.
  • + T2 factory reached in 97% of games by 4:15, fastest and most reliable T2 timing.
  • − Enemy metal destroyed stays at 0 through 10:00, no early offense at all.
  • − Own metal lost also near 0, showing total avoidance of combat risk.
THE EXAMPLE YOU ARE READING

Jockeljkl

32.0 OS · 13/09/2026

Open source match ↗

1 received units
1311 metal received · 52548 energy received

Allied construction assistance is unknown. Timings are observations, not a promise of solo reproducibility.

Typical milestones

Bot Lab1:18Middle 50%: 1:13–1:32 · n=1901
Advanced Bot Lab4:16Middle 50%: 4:04–4:30 · n=1894
Advanced Metal Extractor5:28Middle 50%: 5:05–5:59 · n=1897

Played most by

Amrissa97games of this buildTheGeneraI70games of this buildAdeus57games of this buildEl_Turco55games of this buildKOT_45games of this build